 Dungeon Crawl Stone Soup version 0.29.1-12-g30fa7ad0bf (webtiles) character file.

Game seed: 11664059497409639161

52 LustLizard the Cutter (level 3, -7/28 HPs)
             Began as a Merfolk Gladiator on Jan 17, 2023.
             Mangled by a kobold
             ... wielding a +2 dagger of electrocution
              (13 damage)
             ... on level 2 of the Dungeon.
             The game lasted 00:03:01 (1287 turns).

LustLizard the Cutter (Merfolk Gladiator)           Turns: 1287, Time: 00:03:01

Health: -7/28      AC:  8    Str: 14    XL:     3   Next: 85%
Magic:  3/3        EV: 12    Int:  7    God:
Gold:   111        SH:  0    Dex: 17    Spells: 2/2 levels left

rFire   . . .      SeeInvis .   a - +0 rapier
rCold   . . .      Faith    .   (no shield)
rNeg    . . .      Spirit   .   n - +0 ring mail
rPois   .          Reflect  .   c - +0 helmet
rElec   .          Harm     .   j - +1 cloak
rCorr   .          Rampage  .   (no gloves)
Will    .....                   (no boots)
Stlth   +.........              (no amulet)
HPRegen 0.09/turn               (no ring)
MPRegen 0.08/turn               (no ring)

@: no status effects
A: (nimble swimmer 2), mertail
a: no special abilities


You were on level 2 of the Dungeon.
You visited 1 branch of the dungeon, and saw 2 of its levels.

You collected 111 gold pieces.

Inventory:

Hand Weapons
 a - a +0 rapier (weapon)
Missiles
 d - 3 throwing nets
 e - a javelin
 g - 2 boomerangs
 i - 24 stones (quivered)
Armour
 b - a +0 leather armour
 c - a +0 helmet (worn)
 j - a +1 cloak (worn)
 n - a +0 ring mail (worn)
Scrolls
 k - a scroll of noise {unknown}
 m - 2 scrolls of fear {unknown}
 o - a scroll of identify {unknown}
Potions
 f - a potion of attraction {unknown}
 h - a potion of invisibility {unknown}
 l - 3 potions of curing {unknown}


   Skills:
 + Level 2.9 Fighting
 * Level 4.7 Short Blades
 - Level 2.0 Throwing
 - Level 4.0 Dodging
 + Level 1.7 Stealth


You had 2 spell levels left.
You didn't know any spells.
Your spell library contained the following spells:

 Spells                   Type           Power      Damage    Failure   Level
 Magic Dart               Conj           0%         1d3       67%         1
 Searing Ray              Conj           0%         2d4       82%         2
 Static Discharge         Conj/Air       0%         3-3/arc   82%         2
 Dispel Undead            Necr           0%         3d6       100%        4
 Fulminant Prism          Conj/Hex       0%         3d6       100%        4
 Sticky Flame             Conj/Fire      0%         2d3       100%        4


Dungeon Overview and Level Annotations

Branches:
Dungeon (2/15)

Altars:


Innate Abilities, Weirdness & Mutations

((You are very nimble when in or above water. (Stealth+, EV+, Speed+++)))
Your lower body shifts to a powerful aquatic tail in water.


Message History

No target in view!
l - 3 white potions (gained 1)
There is an open door here.
You now have 111 gold pieces (gained 12).
You see here a +0 battleaxe.
You open the door.
There is an open door here.
An adder comes into view.
Found a whip.
The adder moves out of view.
A kobold comes into view.
It is wielding a +2 dagger of electrocution.
Found a bubbling emerald potion.
A kobold is nearby!
Found 2 stones.
The kobold shouts!
You hear an angry hiss.
Found a stone staircase leading down.
The kobold throws a stone.
The stone closely misses you.
The kobold throws a stone.
The stone misses you.
Found 2 gold pieces.
The adder barely misses you. The adder bites you but does no damage.
You hit the adder.
The adder is moderately wounded.
The kobold hits you with a +2 dagger of electrocution.
The adder barely misses you.
You barely miss the adder.
The adder is moderately wounded.
The adder closely misses you. The kobold hits you but does no damage.
You are electrocuted!!
Ouch! That really hurt!
* * * LOW HITPOINT WARNING * * *
You are too injured to fight recklessly!
You are too injured to fight recklessly!
You are too injured to fight recklessly!
You hit the adder.
The adder is heavily wounded.
The adder bites you but does no damage. The kobold hits you but does no damage.
You barely miss the adder.
The adder is heavily wounded.
The adder closely misses you. The kobold hits you but does no damage.
You are electrocuted!
You die...

####.##'######.......
.....#......##.........#
.....#......##.........#
....).......##.....!...+
.....#########.........#
##...##.................
.....'...............>..
##...##.####........#+##
#...##.# #....@S......
######.# #.....K......
#.# #........(... #.#
#...........$ #.#
#.....)...... #.#
######....... #.#
....... .......


You could see an adder and a kobold.

Vanquished Creatures
  An adder (D:2)
  A dart slug (D:1)
  2 ball pythons
  3 bats (D:1)
  2 endoplasms
  A giant cockroach (D:1)
  3 hobgoblins (D:1)
  6 jackals
  5 kobolds
  3 quokkas (D:1)
  A frilled lizard (D:1)
  3 goblins
  5 rats
36 creatures vanquished.

Notes
Turn   | Place    | Note
-------+----------+-------------------------------------------
     0 | D:1      | LustLizard the Merfolk Gladiator began the quest for the
                  | Orb.
     0 | D:1      | Reached XP level 1. HP: 16/16 MP: 1/1
    71 | D:1      | Reached XP level 2. HP: 23/23 MP: 2/2
   302 | D:1      | Reached skill level 1 in Stealth
   634 | D:1      | Reached XP level 3. HP: 28/28 MP: 3/3
  1287 | D:2      | Mangled by a kobold

Illustrated notes

Levels and vault maps discovered:
D:1:      enne_arrival_octagon_isle, layout_basic
D:2:      layout_basic, hellmonk_ecumenical_altar_heavens_door, uniq_natasha,
          uniq_robin

Skill      XL: |  1  2 |
---------------+-------+-----
Short Blades   | 4 |  4.7
Stealth        | 1 |  1.7
Fighting       | |  2.9
Throwing       | |  2.0
Dodging        | |  4.0

Action                   || total
-------------------------++-------
Melee: Rapier            ||   125
 Stab: Sleeping          ||     2
       Distracted        ||     1
Armor: Leather armour    ||    34
       Ring mail         ||    14
Dodge: Dodged            ||    84
